 Dungeon Crawl Stone Soup version 0.30.1-11-g7821555f0a (webtiles) character file.

Game seed: 17534412588552964360

116 Peloso the Covered (level 4, -2/41 HPs)
             Began as a Minotaur Fighter on Dec 8, 2023.
             Slain by a gnoll
             ... wielding a +0 club
              (6 damage)
             ... on level 3 of the Dungeon.
             The game lasted 00:02:42 (1689 turns).

Peloso the Covered (Minotaur Fighter)               Turns: 1689, Time: 00:02:43

Health: -2/41      AC:  7    Str: 20    XL:     4   Next: 70%
Magic:  3/3        EV:  9    Int:  5    God:
Gold:   81         SH:  5    Dex: 12    Spells: 3/3 levels left

rFire   . . .        a - +0 long sword
rCold   . . .        c - +0 buckler
rNeg    . . .        b - +0 scale mail
rPois   .            (helmet restricted)
rElec   .            (no cloak)
rCorr   .            (no gloves)
SInv    .            (no boots)
Will    .....        (no amulet) Stlth
                     (no ring)
HPRegen 0.26/turn    (no ring)
MPRegen 0.08/turn

%: no passive effects
@: no status effects
A: horns 2, retaliatory headbutt
a: no special abilities


You were on level 3 of the Dungeon.
You visited 1 branch of the dungeon, and saw 3 of its levels.

You collected 81 gold pieces.

Inventory:

Hand Weapons
 a - a +0 long sword (weapon)
Armour
 b - a +0 scale mail (worn)
 c - a +0 buckler (worn)
Scrolls
 f - a scroll of blinking {unknown}
 g - a scroll of teleportation {unknown}
 h - 2 scrolls of identify {unknown}
 i - a scroll of immolation {unknown}
Potions
 d - 2 potions of might
 e - a potion of lignification


   Skills:
 + Level 4.4 Fighting
 + Level 4.0 Long Blades
 + Level 4.7 Armour
 + Level 0.3 Dodging
 + Level 4.1 Shields


You had 3 spell levels left.
You didn't know any spells.
Your spell library was empty.

Dungeon Overview and Level Annotations

Branches:
Dungeon (3/15)

Altars:
Uskayaw


Innate Abilities, Weirdness & Mutations

You have a pair of horns on your head.
You reflexively headbutt those who attack you in melee.


Message History

There is a stone staircase leading up here.
You slash the scorpion!
The scorpion is heavily wounded.
The scorpion stings you. You block the gnoll's attack.
Unknown command.
You barely miss the scorpion.
The scorpion is heavily wounded.
The scorpion stings you.
* * * LOW HITPOINT WARNING * * *
You block the gnoll's attack.
Unknown command.
You closely miss the scorpion. You headbutt the scorpion.
The scorpion is heavily wounded.
You block the scorpion's attack. The gnoll hits you but does no damage.
You block the scorpion's attack.
Unknown command.
You hit the scorpion.
The scorpion is almost dead.
The gnoll hits you with a +0 club.
* * * LOW HITPOINT WARNING * * *
The scorpion stings you but does no damage.
The gnoll hits you but does no damage.
Unknown command.
You barely miss the scorpion.
The scorpion is almost dead.
The scorpion closely misses you. The gnoll completely misses you.
You furiously retaliate!
You headbutt the gnoll. The scorpion stings you.
* * * LOW HITPOINT WARNING * * *
Unknown command.
You hit the scorpion.
You kill the scorpion!
You block the gnoll's attack.
Your Long Blades skill increases to level 4!
Your Shields skill increases to level 4!
You have reached level 4!
You feel agile.
You hit the gnoll. Your headbutt misses the gnoll.
The gnoll is heavily wounded.
The gnoll hits you with a +0 club.
You die...

....#.#.#
...#...#
...#...#
....#.#
......#
#....
#..# #@†#
#.g?.#
####.# ..
###


You could see a gnoll.

Vanquished Creatures
  A scorpion (D:3)
  A gnoll (D:2)
  2 worms (D:2)
  A dart slug (D:2)
  3 ball pythons (D:1)
  3 bats (D:1)
  5 endoplasms
  6 goblins
  A hobgoblin (D:1)
  6 jackals (D:1)
  2 kobolds (D:1)
  4 frilled lizards
  4 rats
39 creatures vanquished.

Notes
Turn   | Place    | Note
-------+----------+-------------------------------------------
     0 | D:1      | Peloso the Minotaur Fighter began the quest for the Orb.
     0 | D:1      | Reached XP level 1. HP: 19/19 MP: 0/0
   294 | D:1      | Reached XP level 2. HP: 27/27 MP: 1/1
   720 | D:1      | Reached XP level 3. HP: 33/33 MP: 2/2
  1629 | D:2      | Found a hide-covered altar of Uskayaw.
  1682 | D:3      | Noticed a scorpion
  1688 | D:3      | Killed a scorpion
  1689 | D:3      | Reached XP level 4. HP: 4/41 MP: 3/3
  1689 | D:3      | Slain by a gnoll

Illustrated notes

Levels and vault maps discovered:
D:1:      matt_arrival_spirals, layout_basic
D:2:      layout_basic, basic_altar
D:3:      layout_basic, portal_sewer_entry_d, chequers_big_river,
          minmay_joined_circles, uniq_natasha

Skill      XL: |  1  2  3 |
---------------+----------+-----
Long Blades    | 3 4 |  4.0
Armour         | 4 |  4.7
Fighting       | 4 |  4.4
Shields        | 4 |  4.1
Dodging        | |  0.3

Action                     |  1- 3 |  4- 6 || total
---------------------------+-------+-------++-------
  Melee: Long sword        |   115 |     1 ||   116
         Headbutt          |    12 |       ||    12
    Use: Potion            |     1 |       ||     1
 Armour: Scale mail        |    59 |       ||    59
  Dodge: Dodged            |    61 |       ||    61
  Block: Buckler           |    39 |       ||    39
